Map: Oxide LE

Players

Kelazhur - Winner!

  • Race: Terran Terran

SpeCial

  • Race: Terran Terran

Event: DreamHack SC2 Masters 2021 Winter

VOD

Have the link to the VOD?

Description

Time

  • Played on: Oct. 2, 2021, 5:03 p.m.
  • Length: 19:24

All games in this series

Show
View Real Time Build Order
Export as new Build Order

Kelazhur Terran - Winner!

Build Orders: Reaper Expand 

Get SALT Encoding   

  12  0:00  SCV  
  13  0:12  SCV  
  14  0:17  Supply Depot  
  14  0:24  SCV  
  15  0:38  SCV  
  15  0:40  Barracks  
  16  0:43  Refinery  
  16  0:50  SCV  
  17  1:03  SCV  
  18  1:15  SCV  
  19  1:28  Reaper, Orbital Command  
  20  1:38  Command Center  
  20  1:53  SCV  
  20  1:58  Supply Depot  
  20  1:59  Marine  
  21  2:05  Factory  
  21  2:06  SCV  
  22  2:17  Marine  
  22  2:19  SCV  
  24  2:26  Refinery  
  24  2:27  Bunker  
  23  2:31  SCV  
  23  2:35  Marine  
  25  2:43  SCV  
  26  2:52  Hellion  
  26  2:53  Starport  
  26  2:55  SCV  
  26  2:58  Orbital Command  
  29  3:04  Barracks Reactor  
  29  3:08  SCV  
  29  3:14  Factory Tech Lab  
  29  3:20  SCV  
  29  3:23  SCV  
  31  3:30  Starport Tech Lab  
  31  3:32  SCV  
  32  3:35  Refinery, Cyclone  
  32  3:36  SCV  
  32  3:40  Marine x2  
  38  3:44  SCV  
  38  3:47  Supply Depot  
  38  3:48  SCV  
  39  3:56  SCV  
  39  3:58  Marine x2, Barracks  
  39  3:59  Raven  
  39  4:01  SCV  
  45  4:08  SCV  
  46  4:12  Supply Depot  
  46  4:14  SCV  
  47  4:17  Siege Tank  
  47  4:20  SCV  
  47  4:23  Supply Depot, Marine x2  
  53  4:26  SCV  
  54  4:33  Supply Depot, SCV  
  53  4:38  SCV  
  53  4:41  Marine x2  
  54  4:45  SCV  
  54  4:50  SCV  
  54  4:51  Starport Reactor  
  53  4:55  Siege Tank  
  53  4:57  SCV  
  53  4:59  Marine x2  
  59  5:02  SCV  
  57  5:09  SCV  
  58  5:15  SCV  
  58  5:20  Marine x2  
  61  5:22  SCV  
  61  5:24  Stimpack  
  61  5:25  Marine  
  61  5:27  SCV  
  67  5:29  Medivac x2  
  67  5:34  SCV  
  69  5:37  Marine  
  69  5:38  Marine  
  69  5:39  SCV  
  69  5:41  Supply Depot  
  72  5:45  Marine  
  72  5:46  SCV  
  74  5:51  SCV  
  74  5:55  Marine  
  74  5:56  Siege Tank  
  76  5:58  SCV  
  76  6:00  Supply Depot  
  76  6:01  Supply Depot  
  76  6:02  Viking x2  
  76  6:03  SCV  
  82  6:08  Marine x2  
  82  6:10  SCV  
  85  6:13  Supply Depot  
  85  6:19  Command Center  
  85  6:22  SCV x2  
  85  6:24  Marine  
  88  6:26  Marine  
  89  6:34  SCV  
  89  6:37  SCV  
  89  6:38  Marine  
  92  6:46  SCV, Engineering Bay  
  93  6:47  Engineering Bay, Marine x2  
  93  6:48  Refinery  
  93  6:49  SCV  
  93  6:50  Supply Depot  
  96  6:56  Marine  
  96  6:58  SCV, Viking x2  
  96  7:01  SCV  
  103  7:10  SCV, Marine  
  103  7:13  SCV  
  101  7:24  Marine  
  101  7:25  SCV, Marine  
  103  7:33  Orbital Command  
  103  7:34  Medivac x2, Siege Tank  
  103  7:35  Terran Infantry Weapons Level 1, Terran Infantry Armor Level 1  
  103  7:36  Barracks  
  101  7:38  SCV x2  
  101  7:41  Marine  
  101  7:42  Combat Shield, Marine  
  104  7:44  Marine  
  104  7:49  Barracks  
  104  7:51  SCV, Barracks  
  105  7:55  SCV  
  105  7:56  Orbital Command  
  107  7:59  Marine  
  107  8:00  Sensor Tower, Marine  
  107  8:02  Armory  
  107  8:03  SCV  
  107  8:04  Supply Depot  
  110  8:08  Siege Tank  
  113  8:16  SCV x2  
  113  8:19  Refinery, Marine  
  116  8:20  Supply Depot  
  116  8:21  Refinery  
  116  8:25  SCV  
  116  8:26  Marine  
  118  8:27  Barracks Reactor  
  118  8:28  SCV  
  118  8:30  Supply Depot, SCV  
  118  8:33  Marine  
  121  8:37  Marine  
  121  8:40  Barracks Reactor x2  
  123  8:43  Supply Depot  
  123  8:44  Marine  
  123  8:45  Supply Depot  
  123  8:52  Siege Tank  
  123  8:54  Command Center  
  126  8:57  Medivac x2  
  126  8:58  Marine  
  126  9:01  Terran Vehicle Weapons Level 1  
  130  9:03  Marine x3  
  133  9:11  Factory  
  133  9:14  Barracks Reactor  
  133  9:16  Marine  
  134  9:20  Marine  
  134  9:21  Marine x3  
  137  9:24  Marine  
  137  9:25  Marine  
  137  9:26  Marine  
  137  9:28  Siege Tank  
  142  9:31  Terran Infantry Weapons Level 2  
  142  9:34  Marine  
  142  9:37  Missile Turret  
  143  9:38  Marine  
  143  9:39  Marine x2  
  143  9:41  Missile Turret  
  143  9:42  Terran Infantry Armor Level 2  
  146  9:49  Marine x2  
  147  9:53  Marine x5  
  147  9:55  Siege Tank  
  147  9:56  Marine  
  147  9:57  SCV x3  
  159  10:02  Supply Depot, Medivac x2  
  159  10:04  Supply Depot  
  162  10:09  SCV  
  162  10:10  Siege Tank  
  162  10:12  SCV x2  
  168  10:19  Marine  
  168  10:20  Marine x8  
  168  10:21  Marine  
  178  10:22  SCV  
  178  10:24  SCV x2  
  181  10:32  Medivac x2  
  181  10:33  Siege Tank  
  188  10:45  Missile Turret, Planetary Fortress  
  188  10:48  Sensor Tower, Marine x5  
  188  10:49  Marine x2  
  195  10:56  Siege Tank  
  198  11:03  Marine x2  
  198  11:05  Marine  
  198  11:06  Marine x2  
  198  11:20  Viking  
  197  11:35  Marine  
  197  11:37  Marine  
  187  11:40  Marine  
  187  11:43  Siege Tank, Marine  
  187  11:44  Terran Vehicle Weapons Level 2, Marine x6  
  187  11:46  SCV x2  
  173  11:48  Medivac  
  173  11:50  Medivac  
  173  11:51  Siege Tank, Terran Infantry Weapons Level 3  
  173  11:53  Marine  
  177  11:54  Refinery x2, Marine  
  177  11:56  Command Center  
  177  11:58  Marine  
  179  12:02  Marine  
  179  12:04  Missile Turret  
  179  12:06  Missile Turret  
  178  12:09  Marine x6  
  178  12:11  Marine  
  178  12:12  Marine  
  186  12:16  Siege Tank, Marine  
  186  12:20  Marine  
  174  12:23  Siege Tank  
  174  12:26  Marine  
  174  12:27  Marine  
  174  12:29  Command Center  
  171  12:34  Marine x2  
  173  12:38  Marine x2  
  158  12:44  Marine  
  158  12:45  Marine  
  158  12:47  Marine  
  158  12:48  Siege Tank  
  158  12:50  Marine  
  158  12:51  Marine x3  
  149  12:52  Marine  
  149  12:55  Siege Tank  
  149  12:56  Medivac x2, Command Center, Marine x2  
  160  13:03  Marine  
  161  13:09  Starport x2  
  148  13:17  Marine x9  
  157  13:20  Siege Tank  
  157  13:21  Marine  
  161  13:29  Medivac x2  
  161  13:30  Sensor Tower  
  161  13:31  Siege Tank  
  168  13:34  Marine  
  167  13:48  Marine  
  167  13:49  Marine x2  
  170  13:56  Starport Tech Lab x2  
  170  13:57  Marine x3  
  170  13:58  Marine x2  
  175  14:06  Siege Tank x2, Viking x2  
  175  14:08  Terran Infantry Armor Level 3  
  185  14:15  Command Center  
  185  14:17  Marine x5  
  185  14:18  Marine x2  
  192  14:25  Raven x2  
  192  14:27  Corvid Reactor  
  191  14:38  Siege Tank x2  
  180  14:39  Viking x2  
  180  14:40  Marine x5  
  180  14:44  Planetary Fortress  
  189  14:57  Sensor Tower  
  186  15:05  Planetary Fortress  
  186  15:13  Siege Tank x2, Raven  
  180  15:19  Viking  
  179  15:22  Marine x10  
  189  15:29  Refinery x2  
  189  15:31  Orbital Command  
  189  15:33  Viking  
  189  15:35  Terran Vehicle Weapons Level 3  
  191  15:45  Viking  
  191  15:49  Viking  
  192  16:01  Raven  
  192  16:03  Viking  
  190  16:13  Siege Tank x2, Marine x3  
  190  16:14  Marine x3  
  200  16:21  Marine  
  200  16:23  Marine x2  
  197  16:36  Marine x6  
  197  16:37  Marine  
  197  16:39  Marine  
  185  16:41  Raven, Viking x2, Marine x2  
  185  16:45  Siege Tank x2  
  162  16:47  Barracks  
  157  16:54  Marine x7  
  157  16:56  Marine  
  157  16:59  Marine x2  
  157  17:00  Barracks  
  167  17:03  Raven  
  169  17:10  SCV  
  169  17:12  Marine x7  
  169  17:13  Barracks  
  169  17:14  Barracks x2  
  169  17:15  Marine, Barracks  
  178  17:16  Marine  
  178  17:17  Siege Tank x2, Marine  
  186  17:26  Liberator x2  
  186  17:29  Marine  
  190  17:30  Marine  
  192  17:48  Marine  
  192  17:49  Marine x7  
  183  18:06  Marine x4  
  183  18:07  Siege Tank, Marine x8  
  183  18:08  Siege Tank  
  183  18:11  Raven, Viking x2  
  188  18:19  Marine x3  
  190  18:24  Refinery, Marine  
  190  18:25  Liberator, Refinery  
  190  18:26  Marine  
  195  18:27  Marine x3  
  198  18:34  Marine  
  198  18:35  Marine  
  200  18:41  Barracks Reactor  
  200  18:42  Barracks Reactor x4  
  191  19:01  Marine  
Show
View Real Time Build Order
Export as new Build Order

SpeCial Terran 

Build Orders: Gas First Reaper Expand 

Get SALT Encoding   

  12  0:00  SCV  
  13  0:12  SCV  
  14  0:17  Supply Depot  
  14  0:24  SCV  
  14  0:28  Refinery  
  15  0:39  SCV  
  16  0:43  Barracks  
  16  0:51  SCV  
  17  1:03  SCV  
  18  1:15  SCV  
  19  1:30  Reaper  
  19  1:31  Orbital Command  
  20  1:44  Command Center  
  20  1:54  Factory  
  20  1:59  SCV  
  21  2:05  Reaper  
  22  2:08  Supply Depot  
  22  2:12  SCV  
  23  2:18  Refinery  
  23  2:30  SCV  
  23  2:38  Hellion  
  23  2:42  Starport, SCV  
  26  2:51  Barracks Tech Lab  
  26  2:54  SCV  
  27  2:59  Orbital Command  
  27  3:00  Widow Mine  
  28  3:09  SCV  
  28  3:11  Refinery  
  28  3:21  SCV  
  28  3:24  Factory Tech Lab  
  28  3:25  SCV  
  28  3:26  Banshee  
  33  3:27  Barracks Reactor  
  33  3:33  SCV  
  34  3:37  SCV  
  35  3:44  Cyclone  
  35  3:46  SCV  
  39  3:49  SCV  
  39  3:58  SCV  
  39  4:01  SCV, Command Center  
  41  4:05  Marine x2  
  41  4:09  Supply Depot  
  43  4:13  Raven  
  45  4:20  SCV  
  46  4:31  SCV, Siege Tank, Marine x2  
  52  4:33  Supply Depot  
  50  4:43  SCV x2  
  52  4:46  Supply Depot  
  52  4:48  Marine x2  
  54  4:55  SCV x2  
  54  4:57  Raven  
  58  5:06  Marine x2  
  60  5:07  SCV x2  
  59  5:14  Siege Tank, Orbital Command  
  59  5:19  SCV x2  
  64  5:22  Supply Depot  
  64  5:24  Marine x2  
  66  5:31  SCV  
  66  5:34  SCV, Barracks  
  68  5:36  Barracks  
  68  5:42  Marine x2  
  70  5:43  SCV  
  70  5:46  Siege Tank  
  74  5:54  SCV  
  74  5:55  SCV  
  76  6:00  Refinery  
  76  6:02  SCV  
  77  6:05  Liberator x2  
  77  6:06  SCV, Orbital Command  
  77  6:10  Marine  
  85  6:11  Supply Depot  
  85  6:15  SCV  
  85  6:17  Stimpack  
  87  6:18  SCV  
  87  6:26  Barracks Reactor x2  
  87  6:27  SCV, Barracks  
  87  6:28  Barracks  
  87  6:30  SCV  
  87  6:31  SCV  
  90  6:37  Engineering Bay  
  90  6:39  SCV  
  91  6:41  Engineering Bay, Marine  
  91  6:42  SCV  
  91  6:44  SCV  
  97  6:47  Siege Tank  
  97  6:53  Viking x2  
  99  6:59  Marine  
  99  7:02  SCV x2  
  99  7:04  Marine, Orbital Command  
  101  7:09  Supply Depot  
  101  7:11  Marine x2  
  101  7:31  SCV x2, Marine x4  
  101  7:33  Viking  
  101  7:34  Sensor Tower  
  109  7:44  Supply Depot  
  109  7:46  SCV x2, Marine  
  109  7:48  Marine x2  
  109  7:50  Viking  
  116  7:55  Refinery  
  116  7:56  SCV  
  116  7:57  Terran Infantry Weapons Level 1  
  117  8:06  SCV, Marine x3  
  117  8:07  Marine  
  117  8:09  SCV  
  117  8:10  SCV  
  124  8:13  Supply Depot  
  124  8:18  SCV  
  124  8:19  Marine  
  126  8:23  Siege Tank, Marine x2  
  126  8:24  Marine  
  126  8:26  SCV  
  133  8:28  Barracks  
  133  8:30  Barracks  
  133  8:33  Combat Shield  
  133  8:39  Marine x2  
  133  8:40  Refinery x2  
  135  8:41  Medivac, Marine x2  
  135  8:46  Medivac  
  141  8:52  SCV  
  141  8:53  Missile Turret, SCV, Supply Depot  
  141  8:54  Supply Depot  
  142  8:56  Siege Tank  
  142  9:01  Marine x4  
  149  9:08  Terran Infantry Armor Level 1  
  149  9:10  Supply Depot  
  149  9:15  SCV x3, Marine  
  153  9:19  Marine x2  
  153  9:21  Marine x2  
  156  9:24  Barracks Reactor x2  
  156  9:26  Medivac  
  156  9:27  SCV x3  
  156  9:33  Marine  
  156  9:34  Medivac  
  156  9:37  Marine  
  160  9:39  SCV x2  
  160  9:44  Marine  
  163  9:45  Armory  
  163  9:46  Command Center  
  163  9:47  Siege Tank  
  163  9:50  Marine x2  
  167  9:53  Supply Depot  
  167  9:55  Marine  
  167  10:01  Marine x2  
  167  10:02  Marine x2  
  167  10:06  Factory, Barracks Reactor, Viking  
  173  10:08  Viking  
  171  10:15  Marine x2  
  171  10:16  Marine x2  
  171  10:19  Marine x2  
  177  10:23  Siege Tank  
  177  10:25  Supply Depot  
  177  10:28  Supply Depot  
  180  10:32  Marine  
  181  10:41  Marine  
  181  10:42  Marine  
  181  10:43  Terran Infantry Weapons Level 2  
  181  10:46  Viking x2  
  181  10:49  Marine x2  
  186  10:50  Marine  
  186  10:52  Siege Tank  
  186  10:55  Siege Tank  
  193  10:57  SCV x2, Marine  
  193  10:58  Marine  
  193  11:02  Marine x2  
  199  11:10  Marine  
  200  11:23  Refinery  
  200  11:30  Starport, Sensor Tower  
  200  11:32  Starport  
  198  11:35  Terran Infantry Armor Level 2  
  198  11:36  Marine  
  198  11:39  Marine x2  
  189  11:41  Marine x2  
  189  11:44  Marine x2  
  189  11:45  Refinery  
  189  11:46  Viking x2  
  172  11:47  Siege Tank  
  172  11:49  Marine x3  
  178  11:54  Marine  
  178  11:56  Planetary Fortress  
  178  11:57  Marine x2  
  178  11:59  Command Center, Marine x2  
  183  12:02  Marine x2  
  183  12:07  Marine x3  
  188  12:10  Siege Tank  
  188  12:12  Marine  
  192  12:16  Viking x2  
  192  12:17  Starport Tech Lab x2  
  192  12:19  Siege Tank  
  179  12:26  Marine x4  
  179  12:29  Marine  
  176  12:30  Marine x2  
  176  12:33  Marine  
  176  12:35  Marine  
  176  12:36  Marine  
  179  12:42  Siege Tank  
  179  12:44  Marine x2  
  178  12:45  Marine  
  178  12:49  Marine  
  178  12:51  Raven x2  
  148  12:52  Siege Tank, Viking x2  
  148  12:53  Marine  
  148  12:56  Marine  
  154  13:03  Marine  
  154  13:04  Marine  
  154  13:05  Marine  
  148  13:08  Marine x3  
  152  13:13  Marine x2  
  152  13:14  Siege Tank  
  152  13:18  Terran Infantry Weapons Level 3, Marine x2  
  159  13:21  Marine  
  159  13:25  Marine  
  161  13:30  Marine x2  
  161  13:31  Marine x3  
  161  13:32  Corvid Reactor  
  161  13:33  Raven  
  168  13:34  Siege Tank  
  168  13:35  Marine  
  168  13:40  Viking  
  174  13:44  Viking  
  176  13:54  Siege Tank, Marine  
  180  13:55  Marine  
  180  13:56  Marine x3  
  180  13:59  Raven  
  186  14:06  Siege Tank  
  187  14:13  Terran Infantry Armor Level 3  
  187  14:16  Raven  
  189  14:20  Planetary Fortress  
  189  14:24  SCV  
  189  14:25  SCV  
  189  14:30  Sensor Tower  
  187  14:35  Siege Tank  
  187  14:38  Siege Tank, Marine  
  164  14:40  Marine  
  164  14:41  Liberator  
  164  14:44  Marine  
  173  14:46  Marine  
  173  14:48  Marine  
  173  14:50  Marine  
  173  14:51  Marine  
  173  14:52  Marine x2  
  177  14:53  Marine  
  177  14:56  Marine  
  177  14:57  Liberator  
  177  14:59  Marine  
  188  15:07  Siege Tank  
  188  15:11  Siege Tank, Marine  
  188  15:13  Marine  
  172  15:15  Marine x2  
  172  15:16  Viking  
  172  15:17  Viking  
  172  15:18  Marine x3  
  172  15:19  Marine x3  
  182  15:26  Viking  
  184  15:29  Marine  
  184  15:30  Marine  
  184  15:32  Marine  
  184  15:33  Marine  
  188  15:36  Marine x2  
  188  15:37  Marine  
  188  15:39  Siege Tank  
  188  15:40  Starport  
  188  15:42  Starport  
  194  15:43  Siege Tank  
  194  15:45  Marine  
  194  15:48  Viking  
  200  16:10  Raven  
  200  16:11  Siege Tank  
  199  16:13  Marine  
  199  16:17  Marine  
  196  16:19  Siege Tank, Marine  
  200  16:25  Command Center  
  200  16:27  Command Center  
  200  16:30  Terran Vehicle Weapons Level 1  
  172  16:41  Marine x2  
  172  16:43  Raven  
  172  16:44  Marine x2  
  172  16:45  Viking  
  130  16:48  Marine x2  
  130  16:49  Marine x2  
  130  16:50  Marine x2  
  130  16:53  Raven  
  130  16:56  Starport Tech Lab, Starport Reactor  
  130  16:59  Siege Tank, Marine x2  
  133  17:02  Marine x2  
  133  17:06  Viking, Marine x2  
  133  17:07  Marine x2  
  133  17:08  Marine x2  
  143  17:11  Missile Turret, Siege Tank  
  143  17:15  Viking  
  148  17:17  Marine x2  
  148  17:19  Marine  
  148  17:20  Raven, Marine  
  154  17:24  Marine x3  
  154  17:25  Marine x2  
  154  17:26  Viking, Marine  
  162  17:34  Marine x2  
  162  17:35  Viking  
  166  17:37  Viking, Marine x2  
  166  17:38  Raven  
  166  17:41  Marine  
  173  17:45  Marine  
  173  17:50  Viking x2  
  178  17:51  Marine  
  178  17:52  Marine  
  178  17:55  Orbital Command  
  178  17:56  Raven  
  177  18:06  Marine x2  
  177  18:08  Raven, Viking x2  
  177  18:09  Marine  
  150  18:18  Marine x4  
  150  18:20  SCV, Viking x2  
  150  18:23  Siege Tank  
  150  18:24  Marine  
  159  18:27  Viking  
  161  18:35  SCV x3  
  161  18:36  Refinery x2, Marine x2  
  161  18:38  Marine  
  167  18:46  Viking x2  
  171  18:49  Siege Tank  
  171  18:50  Marine  
  171  18:52  Marine  
  171  18:53  Marine  
  173  18:56  Marine  

Tags
 
Add a new tag
Caveats
  • Supply blocks, unpowered buildings, or Contaminate may cause inaccurate times.
  • Supply counts are checked every 10 seconds.